AoeStats
← Navix de los Bosques de Lituania

Oasis

509644659Analyzed
3v3 RM · 3d ago on Sep 27, 2026· 81m 10s· 6 players
Game mode
Random Map
Map size
Normal (6 player)
Population
200
Speed
Normal
Resources
Standard
Victory
Conquest
Starting age
Dark Age
Ending age
Imperial Age
RankedLock teamsTeams togetherTeam positionsShared explorationLock speedFull tech treeHidden civsTurbo modeCheats
Victory
Defeat
🇦🇷 Goths · Argentina
813
+11
🇦🇷 Varangians · Argentina
669
+17
🇦🇷 Huns · Argentina
634
+17
🇨🇴 Persians · Colombia
693
-15
🇦🇺 Danes · Australia
693
-15
679
-15
Derzer
9:52 Feudal Age
13:35 Double-Bit Axe
14:19 Loom
17:33 Wheelbarrow
21:40 Castle Age
20:48 Horse Collar
21:37 Light Cavalry
22:29 Bow Saw
22:21 Heavy Plow
25:14 Hand Cart
27:22 Caravan
28:33 Gold Mining
28:44 Stone Mining
29:47 Coinage
29:52 Scale Barding Armor
30:54 Town Watch
37:07 Imperial Age
34:45 Husbandry
35:33 Gold Shaft Mining
37:48 Cavalier
38:38 Town Patrol
38:55 Bloodlines
39:08 Chain Barding Armor
38:59 Forging
40:19 Savar
41:47 Stone Shaft Mining
42:25 Two-Man Saw
44:05 Plate Barding Armor
44:06 Iron Casting
45:02 Conscription
56:09 Heavy Camel Rider
59:17 Blast Furnace
Navix de los Bosques de Lituania
5:38 Loom
12:41 Feudal Age
14:26 Wheelbarrow
13:55 Double-Bit Axe
16:31 Horse Collar
20:12 Padded Archer Armor
20:18 Gold Mining
25:48 Castle Age
23:50 Fletching
25:09 Stone Mining
26:49 Hand Cart
27:13 Bodkin Arrow
27:33 Leather Archer Armor
27:20 Scale Mail Armor
27:30 Forging
27:28 Squires
31:05 Iron Casting
30:45 Chain Mail Armor
30:44 Crossbowman
30:44 Elite Skirmisher
31:30 Thumb Ring
32:19 Fortified Wall
32:20 Masonry
32:42 Ballistics
34:26 Caravan
34:57 Coinage
36:23 Gold Shaft Mining
36:23 Stone Shaft Mining
36:35 Stone Shaft Mining
45:03 Imperial Age
47:18 Chemistry
46:49 Architecture
46:17 Murder Holes
46:32 Great Wall
49:40 Ring Archer Armor
49:10 Bracer
50:11 Blast Furnace
49:41 Plate Mail Armor
53:35 Arbalester
54:14 Elite Chu Ko Nu
63:54 Conscription
THENEYK
10:46 Feudal Age
11:06 Man-at-Arms
12:32 Arson
17:19 Wheelbarrow
19:54 Castle Age
19:01 Stone Mining
21:39 Double-Bit Axe
25:51 Horse Collar
29:49 Hamask
31:13 Bow Saw
36:14 Scale Mail Armor
36:26 Forging
41:29 Iron Casting
41:10 Chain Mail Armor
41:11 Heavy Plow
49:05 Imperial Age
54:06 Heavy Mounted Crossbowman
54:06 Cranequins
54:11 Heavy Mounted Crossbowman
54:12 Cranequins
57:28 Onager
L.T Smith
10:55 Feudal Age
25:34 Castle Age
25:34 Double-Bit Axe
25:32 Horse Collar
25:45 Gold Mining
28:01 Squires
28:19 Forging
34:39 Scale Mail Armor
42:46 Iron Casting
45:52 Chain Mail Armor
48:37 Imperial Age
52:08 Conscription
54:23 Elite Varangian Guard
59:42 Loom
60:32 Wheelbarrow
59:43 Town Watch
59:55 Fletching
60:06 Padded Archer Armor
60:10 Caravan
61:58 Heavy Plow
62:11 Bow Saw
61:46 Elite Skirmisher
63:32 Chemistry
62:31 Bodkin Arrow
62:52 Leather Archer Armor
65:57 Ballistics
65:42 Bracer
66:13 Ring Archer Armor
66:35 Hand Cart
72:28 Pikeman
72:57 Arson
82:09 Blast Furnace
81:40 Plate Mail Armor
80:56 Halberdier
81:21 Gambesons
federicoheredia
13:49 Feudal Age
16:01 Wheelbarrow
20:41 Castle Age
18:55 Stone Mining
18:47 Horse Collar
21:46 Scale Mail Armor
25:23 Hand Cart
25:54 Heavy Plow
28:13 Caravan
33:59 Double-Bit Axe
34:46 Gold Mining
35:40 Bow Saw
35:53 Town Watch
36:59 Scale Barding Armor
37:58 Gold Shaft Mining
39:32 Thumb Ring
40:13 Town Patrol
44:17 Imperial Age
41:46 Murder Holes
42:15 Loom
43:12 Chain Barding Armor
43:08 Chain Mail Armor
42:54 Padded Archer Armor
42:44 Fletching
43:05 Forging
43:29 Ballistics
43:19 Masonry
47:43 Parthian Tactics
47:37 Marauders
46:58 Elite Tarkan
47:59 Atheism
49:20 Heavy Cavalry Archer
53:19 Chemistry
63:24 Husbandry
65:05 Bloodlines
69:39 Capped Ram
69:51 Pikeman
70:32 Squires
70:18 Arson
71:10 Iron Casting
71:11 Plate Barding Armor
70:32 Bodkin Arrow
70:53 Leather Archer Armor
70:49 Cavalier
71:10 Halberdier
73:50 Bracer
74:50 Blast Furnace
73:25 Paladin
Contigol
0:52 Loom
11:25 Feudal Age
18:09 Castle Age
16:35 Double-Bit Axe
16:43 Horse Collar
19:15 Wheelbarrow
19:49 Bow Saw
21:27 Stone Mining
23:24 Heavy Plow
23:41 Fletching
27:35 Hand Cart
27:42 Hand Cart
28:39 Treadmill Crane
28:30 Pikeman
29:11 Squires
29:50 Anarchy
30:45 Gold Mining
31:18 Murder Holes
35:41 Imperial Age
33:43 Caravan
33:57 Forging
34:00 Scale Mail Armor
35:39 Stone Shaft Mining
35:55 Iron Casting
35:35 Chain Mail Armor
36:33 Guilds
35:52 Elite Huskarl
37:55 Chemistry
37:29 Crop Rotation
38:03 Two-Man Saw
37:52 Ballistics
38:31 Conscription
39:01 Halberdier
40:05 Perfusion
41:29 Blast Furnace
45:16 Masonry
45:03 Bodkin Arrow
45:09 Padded Archer Armor
48:38 Town Watch
48:55 Bracer
49:11 Leather Archer Armor
78:12 Bloodlines
77:23 Light Cavalry
Connection lost

Rejoining the realm…

Still unreachable

The connection could not be restored.

Session expired

The server has moved on; the page needs a fresh start.